 Dungeon Crawl Stone Soup version 0.26.1-11-gd32895ea62 (webtiles) character file.

Game seed: 6946810060092372834

135 raph the Ruffian (level 4, -1/45 HPs)
             Began as a Troll Monk on June 21, 2021.
             Slain by a gnoll
             ... wielding a +0 spear
              (8 damage)
             ... on level 3 of the Dungeon.
             The game lasted 00:03:38 (1741 turns).

raph the Ruffian (Troll Monk)                       Turns: 1741, Time: 00:03:38

Health: -1/45      AC:  6    Str: 25    XL:     4   Next: 97%
Magic:  3/3        EV: 11    Int:  6    God:
Gold:   115        SH:  0    Dex: 13    Spells: 3/3 levels left

rFire    . . .     SeeInvis .     - Unarmed
rCold    . . .     Faith    .   (no shield)
rNeg     . . .     Spirit   .   a - +0 robe
rPois    .         Reflect  .   c - +0 hat
rElec    .         Harm     .   (no cloak)
rCorr    .         Rampage  .   (gloves unavailable)
Will     .....                  (boots unavailable)
Stlth    ++........             (no amulet)
HPRegen  0.55/turn              l - +6 ring of strength
MPRegen  0.08/turn              (no ring)

@: hasted, very quick
A: large, unfitting armour, claws 3, regeneration 1, shaggy fur 1, tough skin 3
a: no special abilities


You were on level 3 of the Dungeon.
You visited 1 branch of the dungeon, and saw 3 of its levels.

You collected 115 gold pieces.

Inventory:

Armour
 a - a +0 robe (worn)
 c - a +0 hat (worn)
Jewellery
 l - a +6 ring of strength (left claw)
Scrolls
 h - a scroll of fear
 i - a scroll of remove curse
Potions
 b - 4 potions of curing
 d - a potion of haste
 e - a potion of flight
 f - a potion of lignification {unknown}


   Skills:
 + Level 3.1 Fighting
 + Level 3.2 Dodging
 + Level 1.7 Stealth
 + Level 3.8 Unarmed Combat


You had 3 spell levels left.
You didn't know any spells.
Your spell library was empty.

Dungeon Overview and Level Annotations

Branches:
Dungeon (3/15)

Altars:
Xom

Annotations:
D:2 Sigmund


Innate Abilities, Weirdness & Mutations

You are too large for most types of armour.
You have claws for hands.
Your natural rate of healing is unusually fast.
You are covered in fur. (AC +1)
You have extremely tough skin. (AC +3)


Message History

The gnoll barely misses you.
You closely miss the gnoll. The gnoll closely misses you.
You completely miss the gnoll. The gnoll closely misses you.
The gnoll hits you from afar with a +0 halberd.
You feel yourself speed up. The gnoll hits you with a +0 flail!
The gnoll closely misses you.
You barely miss the gnoll. The gnoll barely misses you.
You claw the gnoll!
The gnoll is heavily wounded.
The gnoll hits you from afar with a +0 halberd!
* * * LOW HITPOINT WARNING * * *
You claw the gnoll!
You kill the gnoll!
The gnoll hits you but does no damage.
You claw the gnoll!
You kill the gnoll!
The gnoll hits you from afar with a +0 spear.
* * * LOW HITPOINT WARNING * * *
The gnoll hits you with a +0 spear!
You die...

***#......†...#,*
#(.........#,#
#.....##...#.#
#####..#,....#
##.#...#.#
#......#,#
#.#....#,*
#.#..###,*
#@##.#**,*
*#g#*..**,*
***.gg*#.#*,*
*,....#*..*,*
*.#...#*#.#,*
#.#...# *,,,*
#,#..)#***,,*****
***,#...#*,,,>,,,,*
*,,,*,,,**,,,,,,,,*


You could see 2 gnolls and a hobgoblin.

Vanquished Creatures
  An orc priest (D:2)
  3 gnolls
  An adder (D:1)
  A worm (D:2)
  2 dart slugs (D:1)
  A leopard gecko (D:1)
  3 orcs (D:2)
  8 bats (D:1)
  A giant cockroach (D:2)
  6 goblins
  3 hobgoblins
  11 jackals
  7 kobolds
  A ball python (D:2)
  2 frilled lizards (D:1)
  4 rats
55 creatures vanquished.

Notes
Turn   | Place    | Note
-------+----------+-------------------------------------------
     0 | D:1      | raph the Troll Monk began the quest for the Orb.
     0 | D:1      | Reached XP level 1. HP: 22/22 MP: 0/0
   194 | D:1      | Reached XP level 2. HP: 29/29 MP: 1/1
   618 | D:1      | Reached XP level 3. HP: 3/36 MP: 2/2
  1368 | D:2      | Reached XP level 4. HP: 42/45 MP: 3/3
  1482 | D:2      | Found an opulent altar of Gozag.
  1484 | D:2      | Found an ancient bone altar of Kikubaaqudgha.
  1484 | D:2      | Found a shimmering altar of Xom.
  1486 | D:2      | Found a glowing silver altar of Zin.
  1486 | D:2      | Found a radiant altar of Vehumet.
  1486 | D:2      | Found a white marble altar of Elyvilon.
  1579 | D:2      | Noticed Sigmund
  1741 | D:3      | Slain by a gnoll

Illustrated notes

Levels and vault maps discovered:
D:1:      kennysheep_arrival_seaside, layout_loops_corners
D:2:      layout_rooms, nicolae_qazlal_style_of_elements, doesnt_xom_only_xom,
          uniq_sigmund
D:3:      layout_basic

Skill      XL: |  1  2  3 |
---------------+----------+-----
Fighting       | 3 |  3.1
Dodging        | 3 |  3.2
Stealth        | |  1.7
Unarmed Combat | |  3.8

Action                   |  1- 3 |  4- 6 || total
-------------------------+-------+-------++-------
Melee: Unarmed           |   103 |    47 ||   150
  Use: Scroll            |       |     9 ||     9
       Potion            |       |     1 ||     1
 Stab: Sleeping          |     4 |     1 ||     5
Armor: Robe              |    47 |    19 ||    66
Dodge: Dodged            |    97 |    28 ||   125
